 Dungeon Crawl Stone Soup version 0.30-a0-778-g2ef04afb54 (console) character file.

Game seed: 5611079725791156288

25 rlgrobin the Chopper (level 3, 0/31 HPs)
             Began as a Meteoran Fighter on Feb 16, 2023.
             Slain by an orc
             ... wielding a +1 morningstar of protection
              (5 damage)
             ... on level 4 of the Dungeon.
             The game lasted 00:01:26 (211 turns).

rlgrobin the Chopper (Meteoran Fighter)              Turns: 211, Time: 00:01:27

Health: 0/31       AC:  7    Str: 19    XL:     3   Next: 38%
Magic:  4/4        EV:  9    Int:  9    God:
Gold:   12         SH:  5    Dex: 14    Spells: 2/2 levels left

rFire   . . .      SeeInvis .    a - +0 war axe
rCold   . . .      Faith    .    c - +0 buckler
rNeg    . . .      Spirit   .    b - +0 scale mail
rPois   .          Reflect  .    (no helmet)
rElec   .          Harm     .    (no cloak)
rCorr   .          Rampage  .    (no gloves)
Will    .....                    (no boots) Stlth
                                 (no amulet)
HPRegen 0.25/turn                (no ring)
MPRegen 0.09/turn                (no ring)

@: glowing
A: sense surroundings 1, otherworldly, glowing, explore regen, shaggy fur 1,
MP-powered wands
a: no special abilities


You were on level 4 of the Dungeon.
You visited 1 branch of the dungeon, and saw 4 of its levels.

You collected 12 gold pieces.

Inventory:

Hand Weapons
 a - a +0 war axe (weapon)
Armour
 b - a +0 scale mail (worn)
 c - a +0 buckler (worn)
Potions
 d - a potion of might
 f - a potion of berserk rage {unknown}
 h - a potion of lignification {unknown}
 i - a potion of brilliance {unknown}


   Skills:
 - Level 3.2 Fighting
 + Level 4.2 Axes
 - Level 3.6 Armour
 - Level 3.6 Shields


You had 2 spell levels left.
You didn't know any spells.
Your spell library was empty.

Dungeon Overview and Level Annotations

Branches:
Dungeon (4/15) Zot: 2175
 Temple: D:4-7

Altars:


Innate Abilities, Weirdness & Mutations

You passively map a small area around you.
You are easily found by Zot.
You glow in the dark.
You regain HP and MP as you explore.
You are covered in fur. (AC +1)
You expend magic power (3 MP) to strengthen your wands.


Message History

The orc hits you with a +0 whip. You block the orc's attack.
The orc hits you but does no damage.
You are too injured to fight recklessly!
You hit the orc.
The orc is heavily wounded.
You barely miss the orc. You closely miss the orc.
The orc hits you but does no damage. You block the orc's attack.
You hit the orc.
The orc is almost dead.
You completely miss the orc.
The orc hits you with a +1 morningstar of protection!
* * * LOW HITPOINT WARNING * * *
The orc barely misses you. The orc hits you with a +0 whip.
* * * LOW HITPOINT WARNING * * *
You block the orc's attack.
You feel better. The orc hits you with a +0 whip.
* * * LOW HITPOINT WARNING * * *
The orc hits you but does no damage.
You hit the orc but do no damage.
The orc is severely wounded.
You slash the orc!
You kill the orc!
The orc hits you with a +1 morningstar of protection.
* * * LOW HITPOINT WARNING * * *
You feel better. The orc hits you but does no damage.
The orc hits you with a +1 morningstar of protection!
* * * LOW HITPOINT WARNING * * *
You barely miss the orc.
The orc is severely wounded.
You hit the orc but do no damage.
The orc hits you with a +1 morningstar of protection.
* * * LOW HITPOINT WARNING * * *
The orc closely misses you.
You hit the orc but do no damage. x2; You block the orc's attack. x2
You closely miss the orc.
The orc is severely wounded.
You slash the orc!
You kill the orc!
The orc hits you with a +1 morningstar of protection.
You die...

, ,,#....##,,,
, ,, , #.....#
, ##....# * ,
#....# ,
###..#
##+########.#
,
...(........#
*
............#
*
,.......@o...#
,,, *
########)####
*, , #.).# *
#..{.!# , , ,
#?.{$..)#, * ,
#.......# ,
#!.....)#
##|...$## *
##!.[## * ,


You could see an orc.

Vanquished Creatures
  6 orcs
  2 ball pythons
  2 bats
  A giant cockroach (D:2)
  2 goblins
  2 hobgoblins
  A jackal (D:2)
  A frilled lizard (D:2)
  A rat (D:3)
18 creatures vanquished.

Notes
Turn   | Place    | Note
-------+----------+-------------------------------------------
     0 | D:1      | rlgrobin the Meteoran Fighter began the quest for the Orb.
     0 | D:1      | Reached XP level 1. HP: 19/19 MP: 2/2
    53 | D:2      | Gained mutation: You expend magic power (3 MP) to
                  | strengthen your wands. [potion of mutation]
    53 | D:2      | Gained mutation: You are covered in fur. (AC +1) [potion of
                  | mutation]
    55 | D:2      | Reached skill level 3 in Axes
    55 | D:2      | Reached XP level 2. HP: 3/26 MP: 3/3
    62 | D:2      | Reached XP level 3. HP: 6/31 MP: 4/4
   180 | D:4      | Reached skill level 4 in Axes
   205 | D:4      | HP: 1/31 [orc/+0 whip (3)]
   211 | D:4      | Slain by an orc

Illustrated notes

Levels and vault maps discovered:
D:1:      psy_arrival_dodecagon, layout_loops_ring
D:2:      layout_basic, minmay_distorted, uniq_terence, uniq_natasha
D:3:      layout_loops_ring, overflow_temple_1_default
D:4:      minmay_opposing_rooms, layout_loops_ring,
          nicolae_overflow_crystal_walls, cheibrodos_sewer_entry_bend,
          gammafunk_ghost_mausoleum

Skill      XL: |  1  2  3 |
---------------+----------+-----
Axes           | 3 4 |  4.2
Fighting       | |  3.2
Armour         | |  3.6
Shields        | |  3.6

Action                     || total
---------------------------++-------
  Melee: War axe           ||    37
    Use: Potion            ||     3
         Scroll            ||     1
 Armour: Scale mail        ||    23
  Dodge: Dodged            ||    14
  Block: Buckler           ||    17

Table legend: (Time is in decaauts)
 A = Elapsed time spent in this place.
 B = Non-inter-level travel time spent in this place.
 C = Inter-level travel time spent in this place.
 D = Time resting spent in this place.
 E = Time spent auto-exploring this place.
 F = Levels seen in this place.
 G = Mean time per level.
                   A        B        C        D        E       F      G
               +--------+--------+--------+--------+--------+-----+--------+
         Total |    223 |    223 |      0 |      0 |      0 |   4 |   55.8 |
       Dungeon |    223 |    223 |      0 |      0 |      0 |   4 |   55.8 |
               +--------+--------+--------+--------+--------+-----+--------+

Top non-repeatable levels by time:
     D:2: 89 daAuts
     D:4: 47 daAuts
     D:1: 44 daAuts
     D:3: 42 daAuts
